 Dungeon Sprint DCSS version 0.30-a0-305-g026cb31310 (webtiles) character file.

Game seed: 10669711406910425230

154 rocky1 the Poker (level 5, -8/50 HPs)
             Began as a Minotaur Gladiator on Oct 22, 2022.
             Was a Follower of Okawaru.
             Mangled by a two-headed ogre
             ... wielding a +0 giant spiked club
              (22 damage)
             ... in the Dungeon (Sprint VII: "The Pits").
             The game lasted 00:02:05 (318 turns).

rocky1 the Poker (Minotaur Gladiator)                Turns: 318, Time: 00:02:06

Health: -8/50      AC: 12    Str: 20    XL:     5   Next: 13%
Magic:  5/5        EV:  9    Int:  5    God:    Okawaru [*.....]
Gold:   0          SH:  0    Dex: 12    Spells: 4/4 levels left

rFire   . . .      SeeInvis .    p - +0 trident (vorpal)
rCold   . . .      Faith    .    (no shield)
rNeg    . . .      Spirit   .    o - +3 chain mail
rPois   .          Reflect  .    c - +0 hat
rElec   .          Harm     .    (no cloak)
rCorr   .          Rampage  .    (no gloves)
Will    .....      NoTele   +    (no boots)
Stlth   ..........               (no amulet)
HPRegen 0.28/turn                (no ring)
MPRegen 0.09/turn                (no ring)

@: no status effects
A: horns 2, retaliatory headbutt
a: Renounce Religion, Heroism


You were in the Dungeon.
You worshipped Okawaru.
Okawaru was aware of your devotion.
You visited 1 branch

Inventory:

Hand Weapons
 a - a +0 trident
 n - a +2 trident
 p - a +0 vorpal trident (weapon)
Missiles
 d - 3 throwing nets (quivered)
 e - a javelin
Armour
 b - a +0 leather armour
 c - a +0 hat (worn)
 o - a +3 chain mail (worn)
Scrolls
 k - a scroll of blinking
 m - 5 scrolls of amnesia
Potions
 f - 6 potions of curing
 g - 6 potions of heal wounds
 h - a potion of haste
 i - 4 potions of magic
 j - 3 potions of berserk rage
 l - 2 potions of invisibility


   Skills:
 + Level 6.2 Fighting
 + Level 6.9 Polearms
 + Level 5.2 Throwing
 + Level 2.7 Armour
 + Level 6.2 Dodging
 + Level 2.0 Invocations


You had 4 spell levels left.
You didn't know any spells.
Your spell library was empty.

Dungeon Overview and Level Annotations

Branches:
Dungeon (1/1)

Altars:
Ashenzari
Cheibriados
Dithmenos
Elyvilon
Fedhas
Gozag
Hepliaklqana
Kikubaaqudgha
Makhleb
Nemelex Xobeh
Okawaru
Qazlal
Ru
Sif Muna
Trog
Uskayaw
Vehumet
Wu Jian
Xom
Yredelemnul
Zin
The Shining One
Jiyva
Lugonu


Innate Abilities, Weirdness & Mutations

You have a pair of horns on your head.
You reflexively headbutt those who attack you in melee.


Message History

You kill the hobgoblin!
Okawaru accepts your kill.
Your Invocations skill increases to level 2!
No target in view!
No target in view!
You open the door.
A kobold comes into view. It is wielding a +0 club.
You completely miss the kobold. You headbutt the kobold.
You kill the kobold!
Okawaru accepts your kill.
There is an open door here.
Things that are here:
a +0 club; a stone You open the door.
A two-headed ogre comes into view.
It is wielding two +0 giant spiked clubs.
The two-headed ogre shouts in stereo!
You puncture the two-headed ogre!
The two-headed ogre is lightly wounded.
The two-headed ogre hits you with a +0 giant spiked club!
The two-headed ogre misses you.
You barely miss the two-headed ogre.
The two-headed ogre is lightly wounded.
You hit the two-headed ogre.
Your headbutt misses the two-headed ogre.
The two-headed ogre is lightly wounded.
The two-headed ogre barely misses you.
The two-headed ogre hits you but does no damage.
You hit the two-headed ogre but do no damage.
You headbutt the two-headed ogre!
The two-headed ogre is heavily wounded.
The two-headed ogre hits you with a +0 giant spiked club!!
The two-headed ogre hits you with a +0 giant spiked club.
You hit the two-headed ogre but do no damage.
The two-headed ogre is heavily wounded.
You hit the two-headed ogre.
The two-headed ogre is heavily wounded.
The two-headed ogre hits you with a +0 giant spiked club.
* * * LOW HITPOINT WARNING * * *
The two-headed ogre hits you with a +0 giant spiked club!!
You die...

#.#........##.......#
#'###########.......#
#.......# #########
#.###...# #.#.....#
#.#.†.#.#+#
#...†.#.#.+
#...###.#O#
#.......)@#
###########


You could see a two-headed ogre.

Vanquished Creatures
  A bullfrog (D)
  A jelly (D)
  An iron imp (D)
  A gnoll (D)
  An ufetubus (D)
  An adder skeleton (D)
  2 orcs (D)
  2 ball pythons (D)
  A goblin (D)
  A hobgoblin (D)
  3 jackals (D)
  A kobold (D)
  2 frilled lizards (D)
18 creatures vanquished.

Notes
Turn   | Place    | Note
-------+----------+-------------------------------------------
     0 | D        | rocky1 the Minotaur Gladiator began the quest for the Orb.
     0 | D        | Reached XP level 1. HP: 18/18 MP: 0/0
    20 | D        | Found a bloodstained altar of Trog.
    20 | D        | Found a shimmering blue altar of Sif Muna.
    20 | D        | Found a viscous altar of Jiyva.
    20 | D        | Found a hazy altar of Hepliaklqana.
    20 | D        | Found an opulent altar of Gozag.
    21 | D        | Found a glowing golden altar of the Shining One.
    21 | D        | Found a glowing silver altar of Zin.
    21 | D        | Found a basalt altar of Yredelemnul.
    21 | D        | Found a shimmering altar of Xom.
    21 | D        | Found an ornate altar of the Wu Jian Council.
    21 | D        | Found a sacrificial altar of Ru.
    21 | D        | Found a stormy altar of Qazlal.
    21 | D        | Found an iron altar of Okawaru.
    21 | D        | Found a sparkling altar of Nemelex Xobeh.
    21 | D        | Found a burning altar of Makhleb.
    21 | D        | Found a blossoming altar of Fedhas.
    21 | D        | Found a white marble altar of Elyvilon.
    21 | D        | Found a shadowy altar of Dithmenos.
    21 | D        | Found a snail-covered altar of Cheibriados.
    24 | D        | Found a corrupted altar of Lugonu.
    24 | D        | Found a radiant altar of Vehumet.
    25 | D        | Found an ancient bone altar of Kikubaaqudgha.
    25 | D        | Found a hide-covered altar of Uskayaw.
    25 | D        | Found a broken altar of Ashenzari.
    29 | D        | Became a worshipper of Warmaster Okawaru
    71 | D        | Reached XP level 2. HP: 26/26 MP: 1/1
   102 | D        | Noticed a bullfrog
   107 | D        | Killed a bullfrog
   108 | D        | Reached skill level 5 in Fighting
   108 | D        | Reached skill level 5 in Dodging
   108 | D        | Reached XP level 3. HP: 19/36 MP: 2/2
   108 | D        | Reached XP level 4. HP: 22/42 MP: 3/3
   276 | D        | Reached * piety under Okawaru
   277 | D        | Reached skill level 1 in Armour
   277 | D        | Reached skill level 1 in Invocations
   294 | D        | Reached skill level 5 in Throwing
   294 | D        | Reached XP level 5. HP: 46/50 MP: 3/5
   312 | D        | Noticed a two-headed ogre
   318 | D        | Mangled by a two-headed ogre

Illustrated notes

Levels and vault maps discovered:
D:        pitsprint [storerooms_1, entrance_room_1, metal_vault_3, armoury_1,
          mini_pit_1, grid_room_1, main_hall_1, silver_pit, the_coven_2,
          the_vestibule_1, steel_vault_4, golden_pit, hallway_of_sentries,
          crystal_vault_1, iron_vault_1, final_vault]

Skill      XL: |  1  2  3  4  5 |
---------------+----------------+-----
Fighting       | 3 5 6 |  6.2
Polearms       | 4 6 |  6.9
Dodging        | 5 6 |  6.2
Throwing       | 4 5 |  5.2
Armour         | 2 |  2.7
Invocations    | 1 2 |  2.0

Action                   |  1- 3 |  4- 6 || total
-------------------------+-------+-------++-------
Melee: Trident           |    13 |    31 ||    44
       Headbutt          |       |     7 ||     7
Armor: Leather armour    |     5 |       ||     5
       Chain mail        |       |    12 ||    12
Dodge: Dodged            |    10 |     8 ||    18

Table legend: (Time is in decaauts)
 A = Elapsed time spent in this place.
 B = Non-inter-level travel time spent in this place.
 C = Inter-level travel time spent in this place.
 D = Time resting spent in this place.
 E = Time spent auto-exploring this place.
 F = Levels seen in this place.
 G = Mean time per level.
                   A        B        C        D        E       F      G
               +--------+--------+--------+--------+--------+-----+--------+
         Total |    317 |    297 |     20 |    110 |      0 |   1 |  317.0 |
       Dungeon |    317 |    297 |     20 |    110 |      0 |   1 |  317.0 |
               +--------+--------+--------+--------+--------+-----+--------+

Top non-repeatable levels by time:
       D: 317 daAuts
